Map: Queda Cerúlea LE

Players

Vicster - Winner!

  • Race: Terran Terran
  • League: Gold
  • Spawn Location: 7:00

TheShadowMan

  • Race: Zerg Zerg
  • League: Gold
  • Spawn Location: 1:00

VOD

Have the link to the VOD?

Description

Time

  • Played on: Jan. 5, 2019, 8:38 a.m.
  • Length: 10:14
Show
View Real Time Build Order
Export as new Build Order

Vicster Terran - Winner!

Build Orders:  

Get SALT Encoding   

  12  0:01  SCV  
  13  0:13  SCV  
  14  0:19  Supply Depot  
  14  0:25  SCV  
  15  0:40  SCV  
  15  0:42  Barracks  
  16  0:53  SCV  
  17  1:05  SCV  
  18  1:16  Barracks  
  18  1:17  SCV  
  19  1:19  Barracks  
  19  1:31  Supply Depot  
  19  1:34  Orbital Command  
  19  1:42  Marine  
  20  1:49  Refinery  
  20  1:57  Bunker  
  20  2:00  Marine  
  21  2:05  Marine  
  21  2:06  Marine  
  23  2:18  Marine  
  24  2:23  Marine  
  24  2:24  Marine  
  26  2:32  Bunker  
  26  2:35  SCV  
  26  2:36  Marine  
  28  2:41  Marine  
  28  2:42  Marine  
  30  2:47  SCV  
  31  2:59  Supply Depot  
  31  3:07  Refinery  
  31  3:20  Marine x3  
  31  3:21  SCV, Supply Depot  
  35  3:33  SCV  
  36  3:38  Marine x3  
  39  3:45  SCV  
  39  3:46  Engineering Bay  
  40  3:49  Supply Depot  
  40  3:56  Marine x3  
  40  3:57  SCV  
  40  4:01  Factory  
  44  4:09  SCV  
  45  4:15  Barracks Tech Lab x2  
  45  4:21  SCV, Barracks Reactor  
  46  4:25  Terran Infantry Weapons Level 1  
  46  4:29  Supply Depot  
  46  4:33  SCV  
  46  4:57  Starport  
  46  5:02  Factory Tech Lab  
  46  5:08  Command Center  
  46  5:13  Combat Shield, Stimpack  
  46  5:14  Marine x2  
  46  5:21  Marine x2  
  49  5:25  Siege Tank  
  49  5:27  SCV  
  54  5:32  Marine x2  
  54  5:34  Starport Reactor  
  56  5:39  Marine x2, SCV  
  59  5:50  Marine x2  
  59  5:51  SCV  
  59  5:56  Marine  
  63  6:04  Command Center  
  63  6:12  Supply Depot  
  63  6:16  Supply Depot  
  63  6:19  Marine, Siege Tank  
  63  6:22  Missile Turret  
  67  6:27  Marine x2  
  67  6:30  Marauder  
  71  6:37  Orbital Command  
  71  6:43  Terran Infantry Armor Level 1  
  71  6:48  Medivac  
  73  7:01  Marine x3  
  73  7:07  Supply Depot  
  76  7:12  Supply Depot  
  76  7:20  Orbital Command  
  76  7:26  SCV x2  
  78  7:38  SCV x2  
  77  8:15  SCV x3  
  77  8:16  Marine x4  
  77  8:18  Siege Tank, Medivac  
  89  8:27  SCV x3  
  89  8:34  Marine x4  
  89  8:52  Marine  
Show
View Real Time Build Order
Export as new Build Order

TheShadowMan Zerg 

Build Orders: Pool First 

Get SALT Encoding   

  12  0:09  Drone  
  12  0:11  Drone  
  14  0:29  Spawning Pool  
  14  0:31  Drone  
  14  0:40  Overlord  
  14  0:46  Extractor  
  14  0:49  Drone  
  14  0:56  Extractor  
  13  0:58  Drone  
  13  0:59  Drone  
  15  1:07  Drone  
  16  1:16  Queen  
  16  1:18  Drone  
  19  1:34  Overlord  
  19  1:38  Drone  
  20  1:53  Lair  
  20  1:57  Drone  
  20  2:00  Drone  
  22  2:09  Metabolic Boost  
  22  2:22  Zergling x4  
  24  2:28  Drone x2  
  26  2:31  Overlord  
  26  2:38  Drone  
  27  2:54  Spire  
  24  3:55  Drone  
  24  3:56  Drone  
  24  3:58  Hatchery  
  25  4:06  Mutalisk x4  
  33  4:40  Infestation Pit  
  32  5:03  Hatchery  
  31  5:09  Drone x2  
  33  5:22  Queen  
  33  5:23  Drone x2  
  37  5:29  Hive  
  37  5:41  Drone  
  37  5:42  Extractor x2  
  36  5:47  Overlord  
  36  5:48  Overlord x2  
  36  6:07  Queen  
  39  6:11  Drone x3  
  41  6:23  Drone  
  42  6:34  Queen  
  42  6:36  Drone  
  42  6:37  Drone x2  
  47  6:43  Greater Spire  
  47  7:06  Drone x4  
  51  7:17  Mutalisk  
  51  7:18  Mutalisk x8  
  69  7:50  Spine Crawler  
  68  7:52  Spine Crawler  
  68  7:55  Spine Crawler  
Tags
 
League
GoldGold
Matchup
TvZ
Opening
Pool First
Replay Pack
Vicster replay
Spawn Locations
Cross Positions
Add a new tag
Caveats
  • Supply blocks, unpowered buildings, or Contaminate may cause inaccurate times.
  • Supply counts are checked every 10 seconds.